[Event "EYTCC Open U18 2022"]
[Site "Thessaloniki"]
[Date "2022.07.18"]
[Round "7.27"]
[White "Wernberg, Hugo"]
[Black "Hulka, Valentyn"]
[Result "0-1"]
[ECO "A28"]
[WhiteElo "2316"]
[BlackElo "2123"]
[Annotator "TA"]
[PlyCount "184"]
[EventDate "2022.07.12"]
[EventType "team-tourn"]
[EventCountry "GRE"]
[SourceTitle "playchess.com"]
[Source "ChessBase"]
[SourceQuality "1"]
[WhiteTeam "Sweden"]
[BlackTeam "Ukraine"]
[WhiteTeamCountry "SWE"]
[BlackTeamCountry "UKR"]
[TimeControl "40/5400+30:1800+30"]

1. c4 e5 2. Nc3 Nf6 3. Nf3 Nc6 4. e4 Bb4 5. d3 d6 6. h3 {[%emt 0:00:13] A28: English Opening: Four Knights Variation.} O-O 7. g3 a6 8. Bg2 {[%emt 0:01:48] The position is equal.} h6 9. O-O {[%emt 0:00:25] [#]} Rb8 $146 ({Predecessor:} 9... Bc5 10. Kh2 Rb8 11. a4 a5 12. Ng1 Nd4 13. f4 c6 14. Nf3 Nd7 15. f5 Nxf3+ 16. Qxf3 {½-½ (44) Nepomniachtchi,I (2735)-Eljanov,P (2732) Poikovsky 2014}) 10. Nd2 b5 11. f4 Nd4 12. Kh2 c6 13. Nf3 (13. a3 $5 Ba5 14. b4 $11) 13... Bc5 14. Nxd4 Bxd4 15. Ne2 Bc5 16. d4 (16. Qc2 $11 {was preferrable.}) 16... exd4 $15 17. Nxd4 Qb6 18. Nb3 bxc4 19. Nxc5 Qxc5 20. b4 $2 (20. b3 $15) 20... Qxb4 $19 (20... Rxb4 21. Ba3 $17) 21. a4 Rd8 22. Ba3 Qb6 23. Bxd6 $2 (23. Qe2 $17) 23... Ne8 ({And not} 23... Qb2 24. e5 Ne4 25. Rb1 Qxb1 26. Qxb1 Rxb1 27. Rxb1 Nxd6 28. exd6 $17) 24. e5 Nxd6 25. exd6 c5 26. Qc2 Qb2 ({Weaker is} 26... Qxd6 27. Rad1 Qc7 28. Rxd8+ Qxd8 29. Qxc4 $17) (26... Rxd6 27. Rab1 Qc7 28. Rxb8 Qxb8 29. Qxc4) (26... Qb3 $19 {and Black stays clearly on top.} 27. Qf2 Bf5 28. Qxc5 Bd3) 27. Ra2 $2 (27. Qxc4 $17 {only move.} Qb4 28. Rac1) 27... Qxc2 28. Rxc2 Rxd6 {[%emt 0:00:06] And now ...Bf5 would win.} 29. Rxc4 Rb2 30. Kg1 (30. Kh1 $142) 30... Rdd2 31. Be4 Bxh3 32. Rxc5 g6 33. Re1 (33. Rb1 {was called for.} Rxb1+ 34. Bxb1) 33... Bg2 34. Bxg2 Rxg2+ {[%emt 0:00:01][%mdl 4096] Endgame KRR-KRR} 35. Kh1 Rxg3 36. f5 Rg5 37. Rc8+ Kg7 38. fxg6 Rb4 39. Re2 Rxg6 40. a5 Rb5 41. Rc3 Rh5+ 42. Rh2 Rxa5 {[%emt 0:00:03] ( -> ...Ra1+)} 43. Rc1 {[%emt 0:00:33] Prevents Ra1.} (43. Rh4) 43... Rgg5 44. Rb2 $2 (44. Rh4) 44... Rg4 45. Rh2 Ra3 46. Rh5 a5 47. Rc6 Raa4 {[%emt 0:00:50] Hoping for ...Rg5.} 48. Rcxh6 Rg6 49. Rh7+ Kf6 50. Rb5 Ra1+ 51. Kh2 Ke6 52. Rb6+ (52. Rhh5 $142) 52... Kd5 $17 53. Rb7 (53. Rh5+ {keeps fighting.} Kd4 54. Rb7) 53... Rf6 54. Ra7 Kc5 ({Worse is} 54... a4 55. Rh4) 55. Kg2 (55. Rh8 $142) 55... Kb6 $19 56. Ra8 Kb7 57. Rhh8 Rb6 58. Rab8+ Ka6 59. Ra8+ Kb5 60. Rh5+ Kb4 61. Rh4+ (61. Rf5 $17) 61... Kb3 62. Rh3+ Kb2 63. Rf3 Rc6 (63... Rg6+ $19 64. Kf2 a4 65. Rxf7 Rb6) 64. Rb8+ $17 Kc2 65. Rf2+ Kc3 66. Rf3+ Kc4 67. Rf4+ (67. Rxf7 $142 a4 68. Rf4+ Kc3 69. Rf3+ Kd4 70. Rd8+ Kc4 71. Rf4+ Kc3 72. Rf3+ Kc4 73. Rf4+ Kc3 74. Rf3+ Kc4) 67... Kd5 68. Ra8 Ke6 {[%emt 0:01:08] White must now prevent ...Rc2+.} 69. Re8+ {[%emt 0:01:07] [#]} Kd7 $1 70. Ra8 f6 71. Ra7+ Ke6 {[%emt 0:00:06] ...Rc2+ is the strong threat.} 72. Re4+ Kf5 73. Re2 a4 74. Rf2+ Kg6 75. Rf3 $2 (75. Kf3 {is a better defense.}) 75... Rc5 {[%emt 0:01:10] aiming for ...Rf5.} 76. Ra8 Ra2+ 77. Kg3 Rb5 {[%emt 0:00:00] Strongly threatening ...Rb3.} 78. Rf4 $2 {[%emt 0:00:35] [#]} (78. Rf8 $19) 78... Rb3+ 79. Rf3 Rxf3+ 80. Kxf3 {[%emt 0:00:08] KR-KR} a3 (80... Ra1 $142 81. Rg8+ Kf5 82. Re8 a3 83. Re2 a2 84. Rf2 Ke5 85. Re2+ Kd6 86. Rf2 f5 87. Kf4 Kc5 88. Rc2+ Kd4 89. Rf2 Kc4 90. Kxf5 Kd3 91. Kf4 Kd4 92. Rd2+ Kc4 93. Rf2 Kb3 94. Rf3+ Kc4 95. Rf2 Kd5 96. Rd2+ Kc6 97. Rf2 Kb5 98. Kf5 Kc5 99. Kf4 Kd6 100. Kf5 Kd5 101. Rd2+ Kc4 102. Rf2 Kb5 103. Rb2+ Kc6 104. Rc2+ Kb7 105. Rb2+ Ka7 106. Rf2 Ka6 107. Kf4 Ka5 108. Kf5 Kb6 109. Rb2+ Kc6 110. Rc2+ Kd6 111. Rd2+ Kc7 112. Rc2+ Kb7 113. Rf2 Ka7 114. Rf3 Kb6 115. Rf2 Kc7 116. Kf6 Kd6 117. Kf5 Kd5 118. Rd2+ Kc5 119. Rf2 Kd5) 81. Ra5 Ra1 {[%emt 0:00:17] Black mates.} 82. Kg3 Kf7 83. Ra6 Ke7 84. Kf3 Kd7 85. Kg2 f5 86. Ra5 Ke6 87. Kf3 a2 88. Kg2 f4 89. Ra6+ Kd5 90. Ra5+ Kc6 91. Ra6+ Kb5 92. Ra8 f3+ {[%emt 0:00:26] Weighted Error Value: White=0.63/Black=0.31} 0-1

[Event "EYTCC Open U18 2022"]
[Site "Thessaloniki"]
[Date "2022.07.18"]
[Round "7.28"]
[White "Podolskyi, Mykhailo"]
[Black "Soderstrom, Adrian"]
[Result "0-1"]
[ECO "D45"]
[WhiteElo "2025"]
[BlackElo "2292"]
[Annotator "TA"]
[PlyCount "98"]
[EventDate "2022.07.12"]
[EventType "team-tourn"]
[EventCountry "GRE"]
[SourceTitle "playchess.com"]
[Source "ChessBase"]
[SourceQuality "1"]
[WhiteTeam "Ukraine"]
[BlackTeam "Sweden"]
[WhiteTeamCountry "UKR"]
[BlackTeamCountry "SWE"]
[TimeControl "40/5400+30:1800+30"]

1. d4 d5 2. c4 e6 3. Nc3 c6 4. e3 Nf6 5. Nf3 Nbd7 6. Qc2 Bd6 7. Bd3 O-O 8. O-O dxc4 9. Bxc4 b5 10. Bd3 Bb7 11. a4 {[%emt 0:09:42] D46: Semi-Slav: 5 e3 Nbd7 6 Bd3, Black avoids the Meran.} (11. Ng5 $11 {is more appropriate.}) 11... b4 $15 12. Ne4 Nxe4 13. Bxe4 {[%emt 0:00:01] Black is slightly better.} f5 14. Bd3 (14. Bxc6 $2 Rc8 15. Qb3 Rxc6 $19) 14... c5 {[%emt 0:00:33][%cal Bc6c5,Bc5c4][%mdl 32] [#] Threatens to win with ...Bxf3.} 15. Be2 $146 (15. Qe2 $15) ({Predecessor:} 15. Qe2 Rc8 16. Ba6 Bxa6 17. Qxa6 Qb6 18. Qc4 Rfe8 19. Bd2 cxd4 20. Qxd4 Qxd4 21. Nxd4 {1-0 (59) Pultinevicius,P (2512)-Geller,J (2521) Chess.com INT 2020}) 15... Rc8 $17 16. Qd1 c4 17. a5 Bd5 18. Qa4 Rf6 19. g3 Qe8 20. Ne5 (20. Bd2 $17) 20... Nxe5 $19 (20... Bxe5 21. dxe5 Nxe5 22. Qxe8+ Rxe8 23. f4 $17) 21. dxe5 Bxe5 22. Qxb4 c3 23. Qa3 Rf7 ({Better is} 23... f4 24. exf4 Bd4 25. bxc3 Bxc3) 24. b4 (24. bxc3 $17 Rxc3 25. Qa4) 24... Bd6 25. Qa4 Qxa4 26. Rxa4 Bc4 {[%emt 0:02:08] 0x0.001e3b72c7c7dp-1022s more active pieces. The white rooks are badly placed.} 27. Bxc4 Rxc4 28. Rd1 Bf8 (28... Bxb4 $2 29. Rd8+ Rf8 30. Rxf8+ Kxf8 31. Rxb4 $1 $18 ) (28... Rxb4 $17 29. Rxb4 Bxb4) 29. a6 Rfc7 (29... Rxb4 $6 30. Rxb4 Bxb4 31. Rd8+ Rf8 32. Rd7 $11) 30. Rd8 Kf7 $36 {[%emt 0:01:07][%mdl 2048] Black is really pushing.} 31. Rb8 Bd6 32. Kf1 {[%emt 0:00:55] [#]} e5 $1 33. Ke2 Ke6 34. Kd3 c2 35. Rb7 e4+ 36. Kd2 (36. Ke2 $17) 36... Kd7 37. Rb5 (37. Ke2 $142) 37... g6 {[%emt 0:00:17][%cal Of5f4] aiming for ...f4!} (37... Ke6 $2 38. Rb7 $19) 38. Rb8 $2 (38. Ke2) 38... Be5 $2 (38... Rc3 $19 {and Black stays clearly on top. White must now prevent ...Rd3+.} 39. Ra3 Rxa3 40. Bxa3 c1=R 41. Bxc1 {[#]} Rxc1 $1 ) 39. Rb7 (39. Ke2 $17) 39... Bc3+ 40. Ke2 Rxb7 41. axb7 {[%emt 0:00:08][%mdl 4096] Endgame KRB-KRB} Kc7 42. Rxa7 Kb8 ({Inferior is} 42... Rxb4 43. b8=R+ Kxb8 44. Ra2 $11) 43. Ra6 Kxb7 ({Of course not} 43... Rxb4 $6 44. Ra2 $11) ({Black should play} 43... Bxb4 $17 44. Rb6 Ba5) 44. b5 $11 Rc5 {[%emt 0:01:37] Strongly threatening ...Bb4.} 45. h4 $2 (45. f3 $1 $11 {and White has nothing to worry.}) 45... Bb4 $19 ({Weaker is} 45... Rxb5 46. Ra2 $15) 46. Ra2 (46. f3 $142) 46... Kb6 47. Ra1 $2 (47. f3) 47... Rd5 48. Ra4 Kxb5 49. Ra1 Rd1 {[%emt 0:00:22] Weighted Error Value: White=0.80/Black=0.23 (precise)} 0-1

[Event "EYTCC Open U18 2022"]
[Site "Thessaloniki"]
[Date "2022.07.18"]
[Round "7.29"]
[White "Magalakis, Stefanos"]
[Black "Ratnesan, Ranesh"]
[Result "1/2-1/2"]
[ECO "A48"]
[WhiteElo "2181"]
[BlackElo "2269"]
[Annotator "TA"]
[PlyCount "115"]
[EventDate "2022.07.12"]
[EventType "team-tourn"]
[EventCountry "GRE"]
[SourceTitle "playchess.com"]
[Source "ChessBase"]
[SourceQuality "1"]
[WhiteTeam "Greece"]
[BlackTeam "England"]
[WhiteTeamCountry "GRE"]
[BlackTeamCountry "ENG"]
[TimeControl "40/5400+30:1800+30"]

1. d4 Nf6 2. Nf3 g6 3. Bg5 Bg7 4. Nbd2 O-O 5. c3 h6 6. Bh4 d6 7. e4 c5 8. dxc5 dxc5 9. Qc2 {[%emt 0:00:16] A48: 1 d4 Nf6 2 Nf3 g6: Torre, London and Colle Systems.} Nc6 10. Be2 Nh5 11. O-O Qc7 {[%emt 0:05:22] is the legacy move (11...Nf4).} 12. Nc4 {[%emt 0:06:08] The modern move.} g5 13. Bg3 Nxg3 14. hxg3 b5 15. Ne3 Rb8 16. a4 {[%emt 0:09:18] Hoping for Nd5.} a6 17. axb5 axb5 18. Nh2 c4 19. Kh1 {[%emt 0:16:39] [#]} e6 $146 ({Predecessor:} 19... Qb6 20. Qc1 Na5 21. Nd5 Qd8 22. Rxa5 e6 23. Nb4 Qxa5 24. Nc6 Qc7 25. Nxb8 Qxb8 {½-½ (48) Ghosh,D (2538)-Puranik,A (2608) chess24.com INT 2022}) 20. f4 Qb6 21. Qc1 f5 22. exf5 exf5 23. g4 {[%emt 0:08:27] [#]} (23. Bh5 $11 {keeps the balance.}) 23... Re8 $1 $17 24. Bf3 Qxe3 (24... Rxe3 $17 25. Bxc6 fxg4) 25. Bxc6 $11 Qxc1 26. Raxc1 Rf8 27. fxg5 hxg5 28. Nf3 Rb6 29. Bd5+ Be6 30. Bxe6+ Rxe6 31. Nxg5 Rg6 $36 {[%emt 0:00:49][%mdl 2048] Black is pushing.} 32. Nf3 fxg4 33. Nd4 ({White must play} 33. Nh4 $1 $15 Re6 34. Rxf8+ Bxf8 35. Nf5) 33... b4 $2 ({Black should try} 33... Rxf1+ $19 34. Rxf1 Bxd4 35. cxd4 g3) 34. Rxf8+ Kxf8 35. g3 $2 (35. Nf5 $11 {and White has nothing to worry.}) 35... Bxd4 $19 36. cxd4 {[%emt 0:00:01][%mdl 4096] Endgame [#] KR-KR} Rc6 37. Re1 c3 {[%emt 0:01:37] Threatens to win with ...c2.} 38. bxc3 ({Don't blunder} 38. Rf1+ $2 Ke7 39. bxc3 Rxc3 $19) (38. d5 Rc4 39. bxc3 bxc3 40. d6) 38... Rxc3 39. Re5 Rxg3 $2 (39... Rc1+ {mates} 40. Kg2 b3 41. Kf2 b2 42. Rb5 b1=Q 43. Rxb1 Rxb1 44. Ke3 Rf1 45. d5 Rf3+ 46. Ke4 Ke8 47. d6 Kd8 48. d7 Kxd7 49. Ke5 Ke7 50. Ke4 Kd6 51. Kd4 Rxg3 52. Ke4 Ra3 53. Kd4 g3 54. Kc4 g2 55. Kb4 Rf3 56. Ka5 g1=Q 57. Kb5 Ra3 58. Kc4 Qc5#) 40. Rb5 $11 {[%emt 0:00:00] The position is equal.} b3 41. Rb7 $1 Ke8 {[%emt 0:05:25] ...Kd8 is the strong threat.} 42. d5 Kd8 {[%emt 0:02:04] And now ...Kc8 would win.} ({Avoid the trap} 42... Rd3 $2 43. Kg2 $19) 43. d6 Kc8 44. d7+ Kd8 45. Kh2 Rd3 46. Kg2 Rh3 47. Kg1 Rd3 {[%emt 0:00:46] aiming for ...Rd1+.} 48. Kg2 Ke7 49. Kh2 Kf6 50. d8=R Rxd8 51. Rxb3 Kg5 52. Kg3 Rf8 53. Rb5+ Rf5 54. Rxf5+ Kxf5 55. Kg2 Kf4 56. Kf2 g3+ 57. Kg2 Ke5 (57... Kg4 $5) 58. Kxg3 {[%emt 0:00:04] Whites escaped into a draw.  Weighted Error Value: White=0.45/Black=0.20 (precise)} 1/2-1/2

[Event "EYTCC Open U18 2022"]
[Site "Thessaloniki"]
[Date "2022.07.18"]
[Round "7.30"]
[White "Stoica, Savas Marin"]
[Black "Georgiadis, Athanasios Kat"]
[Result "1-0"]
[ECO "A50"]
[WhiteElo "2092"]
[BlackElo "1689"]
[Annotator "TA"]
[PlyCount "71"]
[EventDate "2022.07.12"]
[EventType "team-tourn"]
[EventCountry "GRE"]
[SourceTitle "playchess.com"]
[Source "ChessBase"]
[SourceQuality "1"]
[WhiteTeam "England"]
[BlackTeam "Greece"]
[WhiteTeamCountry "ENG"]
[BlackTeamCountry "GRE"]
[TimeControl "40/5400+30:1800+30"]

1. d4 Nf6 2. c4 g6 3. h4 Bg7 4. Nc3 O-O 5. e4 d6 6. Be2 h5 7. Bg5 c5 {[%emt 0:05:25] E73: King's Indian: Averbakh Variation without 6...c5.} 8. d5 Qa5 {[%emt 0:02:58] [#] White must now prevent ...Nxe4.} 9. Bd2 {[%emt 0:03:46] [#]} e6 $146 {[%emt 0:03:03] White has an edge.} ({Predecessor:} 9... Na6 10. Qc1 Kh7 11. Nf3 Ng4 12. Ng5+ Kg8 13. Bxg4 Bxg4 14. f3 Bd7 15. a3 Qd8 {1-0 (28) De Santis,A (2268)-Santurbano,M Verona 2005}) 10. Nh3 exd5 11. cxd5 Bxh3 12. Rxh3 a6 {[%emt 0:00:06] [#]} (12... Nbd7 $11 {keeps the balance.}) 13. Qc2 (13. g4 $1 $16 ) 13... Re8 14. Kf1 Nbd7 15. g3 Rab8 16. a4 Ne5 17. f3 Qd8 18. Kg2 Qd7 (18... c4 $11) 19. a5 $14 Qc7 20. Rhh1 Rf8 21. Nd1 Rbe8 22. Re1 Qd7 23. Nf2 Qc7 (23... Rc8 $142) 24. Rab1 Rc8 25. Bc3 Rfe8 (25... Qd7 $142) 26. Rh1 (26. f4 $142 Ned7 27. Bf3) 26... Qd7 27. Rbe1 Rb8 28. f4 ({Better is} 28. b3) 28... Neg4 $16 29. Nxg4 hxg4 {[%emt 0:05:04] This move loses the game for Black.} (29... Nxg4 $16 {was worth a try.} 30. Bxg4 Qxg4) 30. Bc4 $18 b5 31. axb6 $1 Rxb6 32. Re2 Nh5 33. e5 dxe5 $2 (33... Kh7 34. Rf1 Re7) 34. fxe5 Rbb8 $2 (34... f5 {was called for.} 35. Rf1 Rf8) 35. Rf1 {[%emt 0:00:17] Hoping for e6.} Rf8 36. d6 {Weighted Error Value: White=0.14 (very precise) /Black=0.38} 1-0

[Event "EYTCC Open U18 2022"]
[Site "Thessaloniki"]
[Date "2022.07.18"]
[Round "7.31"]
[White "Skodras, Marios Konstantinos"]
[Black "Cont, Arya"]
[Result "0-1"]
[ECO "C01"]
[WhiteElo "1446"]
[BlackElo "1968"]
[Annotator "TA"]
[PlyCount "84"]
[EventDate "2022.07.12"]
[EventType "team-tourn"]
[EventCountry "GRE"]
[SourceTitle "playchess.com"]
[Source "ChessBase"]
[SourceQuality "1"]
[WhiteTeam "Greece"]
[BlackTeam "England"]
[WhiteTeamCountry "GRE"]
[BlackTeamCountry "ENG"]
[TimeControl "40/5400+30:1800+30"]

1. e4 e6 2. d4 d5 3. exd5 exd5 4. Bd3 Nc6 5. c3 Bd6 6. Nf3 Nge7 7. Bg5 Bg4 8. Nbd2 {[%emt 0:00:52] C01: French: Exchange Variation.} Qd7 9. Qc2 O-O-O 10. O-O-O {[%emt 0:00:31] The position is equal.} f6 11. Bh4 Bf5 12. Bg3 Bxd3 13. Qxd3 Nf5 14. Rde1 g6 {[%emt 0:15:17] [#]} 15. Nb3 $146 ({Predecessor:} 15. Re2 Rde8 16. Rhe1 Rxe2 17. Qxe2 Bxg3 18. hxg3 Nd6 19. Qe3 g5 20. Qe6 Qxe6 21. Rxe6 {0-1 (48) Ocytko,A (2155)-Buraczewski,R (2221) Suwalki 2018}) 15... Rde8 16. Bxd6 Nxd6 17. Nfd2 b6 18. Qf3 Qf7 19. Kc2 f5 20. Nc1 Ne4 21. Nxe4 dxe4 22. Qe2 Qd5 23. Rd1 Rhf8 24. Rhf1 f4 25. f3 Qf5 {[%emt 0:02:56] White must now prevent ...exf3+. Black is much more active.} 26. fxe4 Rxe4 27. Qd3 Rfe8 (27... Rd8 {seems wilder.} 28. g4 Qd5 29. Nb3 g5) 28. Kb1 Kb8 29. g3 g5 30. b3 {[%emt 0:11:25] [#]} (30. gxf4 $11 gxf4 31. Nb3) 30... Ne7 $1 $17 {[%emt 0:03:13][%cal Bc6e7,Be7d5,Bd5e3][%mdl 32] Strongly threatening ...Nd5.} 31. g4 (31. gxf4 $17 gxf4 32. d5) 31... Qg6 $19 32. Rfe1 Nd5 33. Rxe4 Rxe4 ({Not} 33... Qxe4 34. Qxe4 Rxe4 35. Kc2 $19) 34. Kb2 Ne3 35. Re1 {[%emt 0:00:30] [#]} (35. Rd2) 35... Nc4+ $1 {[%emt 0:01:53][%mdl 512] Black is clearly winning.} 36. Qxc4 Rxe1 {[%emt 0:00:04][%mdl 4096] Endgame KQR-KQN} 37. Nd3 Re2+ 38. Ka3 Qd6+ 39. b4 Qe6 40. Qxe6 Rxe6 41. Ne5 {[%emt 0:01:24] [#]} Rxe5 42. dxe5 f3 {[%emt 0:00:09] Weighted Error Value: White=0.55/Black=0.14 (very precise)} 0-1

[Event "EYTCC Open U18 2022"]
[Site "Thessaloniki"]
[Date "2022.07.18"]
[Round "7.32"]
[White "Dias, Savin"]
[Black "Chasiotis, Odysseas"]
[Result "1-0"]
[ECO "C50"]
[WhiteElo "1894"]
[BlackElo "1371"]
[Annotator "NA COMBH"]
[PlyCount "101"]
[EventDate "2022.07.12"]
[EventType "team-tourn"]
[EventCountry "GRE"]
[SourceTitle "playchess.com"]
[Source "ChessBase"]
[SourceQuality "1"]
[WhiteTeam "England"]
[BlackTeam "Greece"]
[WhiteTeamCountry "ENG"]
[BlackTeamCountry "GRE"]
[TimeControl "40/5400+30:1800+30"]

1. e4 e5 2. Nf3 Nc6 3. Bc4 Bc5 4. O-O Nf6 5. d4 Nxd4 6. Nxe5 Ne6 7. Nc3 O-O 8. Na4 Be7 9. Qe2 d6 10. Nf3 c6 11. Nc3 Nc5 12. Nd4 Bd7 13. a4 Ne6 14. Nf5 Re8 15. f3 Nf8 16. Nxe7+ Qxe7 17. Qf2 Be6 18. Bd3 Ng6 19. f4 Bd7 20. h3 c5 21. Nd5 Nxd5 22. exd5 f5 23. Bd2 Qf7 24. c4 a5 25. g3 h5 26. Be2 Nf8 27. Bf3 Nh7 28. Bc3 g6 29. b3 Nf6 30. Rae1 b6 31. Ba1 Rxe1 32. Rxe1 Qg7 33. Qb2 Kf7 34. Re6 Bxe6 35. dxe6+ Kxe6 36. Bxa8 Qf8 37. Qg2 Qd8 38. Bc6 Qf8 39. Qe2+ Kf7 40. Bd5+ Nxd5 41. cxd5 Qe7 42. Qxe7+ Kxe7 43. g4 hxg4 44. hxg4 Kf7 45. gxf5 gxf5 46. Kf2 Kg6 47. Kg3 Kf7 48. Kh4 Kg6 49. Bc3 Kh6 50. Bf6 Kg6 51. Be7 1-0

[Event "EYTCC Open U18 2022"]
[Site "Thessaloniki"]
[Date "2022.07.18"]
[Round "7.33"]
[White "Betsakou, Sofia"]
[Black "Risteski, Emil"]
[Result "0-1"]
[ECO "A41"]
[WhiteElo "1412"]
[BlackElo "2405"]
[Annotator "TA"]
[PlyCount "90"]
[EventDate "2022.07.12"]
[EventType "team-tourn"]
[EventCountry "GRE"]
[SourceTitle "playchess.com"]
[Source "ChessBase"]
[SourceQuality "1"]
[WhiteTeam "Greece"]
[BlackTeam "Macedonia"]
[WhiteTeamCountry "GRE"]
[BlackTeamCountry "MKD"]
[TimeControl "40/5400+30:1800+30"]

1. d4 d6 2. Nf3 Nf6 3. Nc3 Nbd7 4. g3 e5 5. e4 Be7 6. Bg2 O-O 7. O-O Re8 {[%emt 0:01:05] C41: Philidor Defence.} 8. Re1 Bf8 9. h3 g6 {[%emt 0:05:40] [#] White has an edge.} 10. Be3 $146 ({Predecessor:} 10. Bg5 h6 11. Be3 Bg7 12. dxe5 Nxe5 13. Nd2 Bd7 14. f4 Nc6 15. Bf2 Qc8 16. Kh2 {½-½ (40) Rentschler,H-Schmid,W (2240) Germany 1990}) 10... b6 11. Qd2 Bb7 12. Bg5 c6 13. a4 a6 14. Rad1 Qc7 15. b3 b5 16. dxe5 dxe5 17. Qe2 h6 18. Bc1 Kh7 19. Rd3 (19. Qe3 $11 {deserves consideration.}) 19... Nc5 (19... b4 $5 20. Nb1 a5 $15) 20. Re3 Rad8 21. Bb2 Ne6 22. Rd3 Nd4 23. Qd1 c5 {[%emt 0:07:43] Black is more active.} 24. axb5 axb5 25. Nxd4 cxd4 26. Nxb5 Qb6 27. Na3 Ba6 28. f4 Bxd3 $19 29. Qxd3 exf4 30. gxf4 Qa5 31. Ra1 Qc7 (31... Bxa3 $19 32. Bxa3 Nh5) 32. Rf1 $15 Nd7 (32... Nh5 $17 {Threatens to win with ...Bxa3.} 33. Nb5 Qb6) 33. Nb5 $11 ({But not} 33. Qxd4 $2 Bc5 34. Kh1 Bxd4 $19) 33... Qb6 34. Bxd4 Bc5 $36 {[%emt 0:00:10][%mdl 2048] Black is more active.} 35. Qc4 (35. c3 $15) 35... Kg8 ({Black should play} 35... Bxd4+ $17 36. Nxd4 Kg7) 36. Kh1 {[%emt 0:01:12] [#]} (36. Bxc5 $1 $11 {was the only way to keep the balance.} Nxc5 37. Kh1) 36... Bxd4 $1 $17 37. Nxd4 Nf6 38. Ne2 (38. Nc6 $17 Nh5 39. Qc3) 38... Qe3 39. e5 Rd2 40. Bf3 {[%emt 0:00:00] [#]} (40. f5 g5 41. e6 fxe6 42. Bf3) 40... Nh5 $1 $19 41. b4 {[%emt 0:12:13] [#]} Rxe2 $1 {[%emt 0:05:47][%mdl 576] Decoy} 42. Bxe2 Ng3+ 43. Kg2 Nxe2 44. Rf2 Nd4 {[%emt 0:00:21] ...Qe4+ is the strong threat.} ({Wrong is} 44... Qg3+ $2 45. Kf1 Nc1 46. Qe4 $19) 45. b5 $2 (45. Qd3 $19 Qxd3 46. cxd3) 45... Qe4+ {Weighted Error Value: White=0.48/Black=0.20 (precise)} 0-1

[Event "EYTCC Open U18 2022"]
[Site "Thessaloniki"]
[Date "2022.07.18"]
[Round "7.34"]
[White "Veljanoski, Andrej"]
[Black "Betsakos, Haralampos"]
[Result "1-0"]
[ECO "B19"]
[WhiteElo "2162"]
[BlackElo "1183"]
[Annotator "TA"]
[PlyCount "43"]
[EventDate "2022.07.12"]
[EventType "team-tourn"]
[EventCountry "GRE"]
[SourceTitle "playchess.com"]
[Source "ChessBase"]
[SourceQuality "1"]
[WhiteTeam "Macedonia"]
[BlackTeam "Greece"]
[WhiteTeamCountry "MKD"]
[BlackTeamCountry "GRE"]
[TimeControl "40/5400+30:1800+30"]

1. e4 c6 2. d4 d5 3. Nd2 dxe4 4. Nxe4 Bf5 5. Ng3 Bg6 6. h4 h6 7. Nf3 Nd7 8. h5 Bh7 9. Bd3 Bxd3 10. Qxd3 e6 11. Bf4 Ngf6 12. O-O-O Be7 13. Kb1 {[%emt 0:01:43] B19: Classical Caro-Kann: 4...Bf5 main line.} Nd5 14. Bd2 Qc7 15. c4 N5f6 16. Ne4 O-O-O 17. Nc3 {[%emt 0:02:02] [#]} Kb8 $146 ({Predecessor:} 17... Ng4 18. Qe2 Ndf6 19. Ne5 Nxe5 20. dxe5 Nd7 21. f4 Nc5 22. Be3 Qa5 23. Qc2 Rxd1+ 24. Rxd1 {½-½ (61) Bojda,L (2123)-Gazik,R (2052) Slovakia 2015}) 18. Qc2 Bd6 19. g3 {[%emt 0:02:21] [#] And now c5 would win.} Qc8 20. Rh4 e5 21. d5 Nb6 (21... Bc5 $11) 22. Be3 {[%emt 0:02:09][%mdl 32768] Weighted Error Value: White=0.16 (very precise) /Black=0.22 (precise) . Loss on time!?} ({Better is} 22. c5 $1 $14 Bxc5 23. Nxe5) 1-0